 Dungeon Crawl Stone Soup version 0.24-a0-640-ge7cd8ce796 (webtiles) character file.

Game seed: 6263097933347100280, levelgen mode: deterministic

113105 D1HalberdGnoll the Spry (level 16, 0/124 HPs)
             Began as a Gnoll Ice Elementalist on Sept 20, 2019.
             Was an Elder of Sif Muna.
             Slain by a black mamba (7 damage)
             ... on level 2 of the Snake Pit on Sept 24, 2019.
             The game lasted 01:45:17 (44624 turns).

D1HalberdGnoll the Spry (Gnoll Ice Elementalist)   Turns: 44624, Time: 01:45:18

Health: 0/124      AC: 12    Str: 14    XL:     16   Next: 62%
Magic:  0/40       EV: 24    Int: 29    God:    Sif Muna [****..]
Gold:   1605       SH: 10    Dex: 19    Spells: 4/38 levels left

rFire    + + .     SeeInvis .   S - +4 demon whip (elec)
rCold    + + .     Gourm    .   Y - +3 buckler {reflect}
rNeg     . . .     Faith    .   U - +0 leather armour of the Pleiades {rF++ rC+ MP+9 Dex+4}
rPois    +         Spirit   +   Q - +1 hat {Int+3}
rElec    .         Reflect  +   I - +0 cloak (curse)
rCorr    .         Harm     .   b - +1 pair of gloves {archery}
MR       +++..                  R - +2 pair of boots {Fly}
Stlth    ++++++....             t - amulet "Bucw" {Spirit MR++ Int+4 Stlth+}
HPRegen  0.30/turn              i - ring of poison resistance
MPRegen  0.27/turn              u - ring of protection from cold

@: flying, very slightly contaminated, studying Dodging
A: distributed training, fangs 1, strong nose
a: Channel Magic, Forget Spell, Divine Exegesis, Renounce Religion, Stop Flying


You were on level 2 of the Snake Pit.
You worshipped Sif Muna.
Sif Muna was greatly pleased with you.
You were not hungry.

You visited 4 branches of the dungeon, and saw 26 of its levels.
You also visited: Gauntlet.

You collected 2303 gold pieces.
You spent 698 gold pieces at shops.

Inventory:

Hand Weapons
 S - a +4 demon whip of electrocution (weapon)
 X - a +3 demon trident of venom
Missiles
 d - a throwing net (quivered)
Armour
 b - a +1 pair of gloves of archery (worn)
 I - a cursed +0 cloak (worn)
 Q - a +1 hat of intelligence (worn)
 R - a +2 pair of boots of flying (worn)
 U - the +0 leather armour of the Pleiades (worn) {rF++ rC+ MP+9 Dex+4}
   (You took it off an orc on level 11 of the Dungeon)

   It affects your dexterity (+4).
   It greatly protects you from fire.
   It protects you from cold.
   It affects your magic capacity (+9).
 Y - a +3 buckler of reflection (worn)
Jewellery
 i - a ring of poison resistance (left hand)
 t - the amulet "Bucw" (around neck) {Spirit MR++ Int+4 Stlth+}
   (You found it on level 7 of the Dungeon)

   [amulet of guardian spirit]

   It causes incoming damage to be split between your health and magic.
   It affects your intelligence (+4).
   It affects your resistance to hostile enchantments.
   It makes you more stealthy.
 u - a ring of protection from cold (right hand)
 x - an uncursed ring of protection from fire
 J - an uncursed ring of see invisible
 T - a +5 ring of intelligence
Wands
 l - a wand of clouds (2)
 m - a wand of paralysis (9)
 o - a wand of iceblast (17)
 A - a wand of acid (18)
 C - a wand of flame (123)
 H - a wand of polymorph (18)
 M - a wand of random effects (37)
 O - a wand of disintegration (25)
Scrolls
 f - 3 scrolls of fear
 g - a scroll of fog
 h - 4 scrolls of immolation
 n - 8 scrolls of teleportation
 p - 6 scrolls of amnesia
 r - 14 scrolls of remove curse
 y - 4 scrolls of blinking
 D - 10 scrolls of magic mapping
 L - a scroll of identify
 P - 2 scrolls of silence
Potions
 a - a potion of resistance
 e - 3 potions of degeneration {unknown}
 j - 7 potions of curing
 k - a potion of heal wounds
 q - 3 potions of ambrosia {unknown}
 s - 4 potions of agility
 w - 5 potions of might {unknown}
 z - 5 potions of invisibility
 B - 3 potions of magic
 F - 3 potions of haste
 G - 4 potions of brilliance {unknown}
 K - 3 potions of mutation
 W - 2 potions of cancellation {unknown}
Books
 v - a manual of Dodging
Comestibles
 c - 29 rations


   Skills:
 + Level 10.7 Fighting
 + Level 10.7 Short Blades
 + Level 10.7 Long Blades
 + Level 10.7 Axes
 + Level 10.7 Maces & Flails
 + Level 10.7 Polearms
 + Level 10.7 Staves
 + Level 10.7 Slings
 + Level 10.7 Bows
 + Level 10.7 Crossbows
 + Level 10.7 Throwing
 + Level 10.7 Armour
 + Level 15.0 Dodging
 + Level 11.5 Stealth
 + Level 10.7 Shields
 + Level 10.7 Unarmed Combat
 + Level 11.7 Spellcasting
 + Level 9.4 Conjurations
 + Level 9.1 Hexes
 + Level 9.1 Charms
 + Level 9.1 Summonings
 + Level 9.1 Necromancy
 + Level 9.1 Translocations
 + Level 9.1 Transmutations
 + Level 9.1 Fire Magic
 + Level 10.6 Ice Magic
 + Level 9.1 Air Magic
 + Level 9.1 Earth Magic
 + Level 9.1 Poison Magic
 + Level 11.6 Invocations
 + Level 10.7 Evocations


You had 4 spell levels left.
You knew the following spells:

 Your Spells              Type           Power        Failure   Level  Hunger
a - Throw Icicle          Conj/Ice       ######..     1%          4    None
b - Fireball              Conj/Fire      ######....   2%          5    ##.....
c - Bolt of Cold          Conj/Ice       ######....   10%         6    #####..
d - Summon Ice Beast      Ice/Summ       ######..     1%          4    None
e - Dazzling Spray        Conj/Hex       ######       1%          3    None
f - Metabolic Englaciati  Hex/Ice        ######....   1%          5    ##.....
h - Olgreb's Toxic Radia  Pois           ######..     1%          4    None
r - Regeneration          Chrm/Necr      ######....   1%          3    None

Your spell library contained the following spells:

 Spells                   Type           Power        Failure   Level  Hunger
 Confusing Touch          Hex            ######       1%          1    None
 Corona                   Hex            ######.      1%          1    None
 Flame Tongue             Conj/Fire      #####        1%          1    None
 Freeze                   Ice            ####         1%          1    None
 Infusion                 Chrm           ####         1%          1    None
 Magic Dart               Conj           ####         1%          1    None
 Shock                    Conj/Air       ####         1%          1    None
 Sting                    Conj/Pois      ####         1%          1    None
 Corpse Rot               Necr           N/A          1%          2    None
 Ensorcelled Hibernation  Hex/Ice        ######       1%          2    None
 Poisonous Vapours        Pois/Air       ######       1%          2    None
 Searing Ray              Conj           ######       1%          2    None
 Shroud of Golubria       Chrm/Tloc      ######       1%          2    None
 Song of Slaying          Chrm           ######..     1%          2    None
 Sublimation of Blood     Necr           ######....   1%          2    None
 Swiftness                Chrm/Air       ######..     1%          2    None
 Throw Frost              Conj/Ice       ######       1%          2    None
 Confuse                  Hex            ######..     1%          3    None
 Gell's Gravitas          Tloc           ######....   1%          3    None
 Mephitic Cloud           Conj/Pois/Air  ######..     1%          3    None
 Ozocubu's Armour         Chrm/Ice       ######..     1%          3    None
 Portal Projectile        Hex/Tloc       ######       1%          3    None
 Spectral Weapon          Hex/Chrm       ######..     1%          3    None
 Static Discharge         Conj/Air       ######..     1%          3    None
 Stone Arrow              Conj/Erth      ######       1%          3    None
 Tukima's Dance           Hex            ######..     1%          3    None
 Airstrike                Air            ######....   1%          4    None
 Cause Fear               Hex            ######....   1%          4    None
 Force Lance              Conj/Tloc      ######..     1%          4    None
 Fulminant Prism          Conj/Hex       ######....   1%          4    None
 Ice Form                 Ice/Tmut       ######..     1%          4    None
 Iskenderun's Mystic Bla  Conj           ######..     1%          4    None
 Leda's Liquefaction      Hex/Erth       ######....   1%          4    None
 Petrify                  Tmut/Erth      ######..     1%          4    None
 Agony                    Necr           ######..     2%          5    ##.....
 Bolt of Draining         Conj/Necr      ######....   2%          5    ##.....
 Bolt of Magma            Conj/Fire/Erth ######....   2%          5    ##.....
 Dispel Undead            Necr           ######..     2%          5    ##.....
 Excruciating Wounds      Chrm/Necr      ######....   2%          5    ##.....
 Irradiate                Conj/Tmut      ######....   2%          5    ##.....
 Iskenderun's Battlesphe  Conj/Chrm      ######..     2%          5    ##.....
 Lightning Bolt           Conj/Air       ######....   2%          5    ##.....
 Venom Bolt               Conj/Pois      ######....   2%          5    ##.....
 Yara's Violent Unravell  Hex/Tmut       ######....   2%          5    ##.....
 Ozocubu's Refrigeration  Ice            ######....   8%          6    #####..
 Simulacrum               Ice/Necr       ######....   10%         6    #####..
 Freezing Cloud           Conj/Ice/Air   ######....   11%         6    #####..
 Bolt of Fire             Conj/Fire      ######....   13%         6    #####..
 Dispersal                Tloc           ######....   13%         6    #####..
 Hydra Form               Tmut           ######....   13%         6    #####..
 Iron Shot                Conj/Erth      ######....   13%         6    #####..
 Statue Form              Tmut/Erth      ######...    13%         6    #####..
 Spellforged Servitor     Conj/Summ      ######....   56%         7    ######.
 Dragon Form              Tmut           ######....   58%         7    ######.
 Ring of Flames           Chrm/Fire      ######....   58%         7    ######.
 Borgnjor's Revivificati  Necr           ######....   99%         8    #######
 Controlled Blink         Tloc           N/A          99%         8    #######
 Disjunction              Tloc           ######....   99%         8    #######
 Infestation              Necr           ######....   99%         8    #######
 Lehudib's Crystal Spear  Conj/Erth      ######....   99%         8    #######
 Dragon's Call            Summ           ######....   100%        9    #######
 Glaciate                 Conj/Ice       ######....   100%        9    #######
 Shatter                  Erth           ######....   100%        9    #######


Dungeon Overview and Level Annotations

Branches:
Dungeon (15/15)            Temple (0/1) D:5            Lair (6/6) D:8
 Shoals (0/4) Lair:2        Snake (3/4) Lair:4        Slime (0/5) Lair:6
    Orc (2/2) D:11            Elf (0/3) Orc:2        Vaults (0/5) D:14
 Depths (0/5) D:15        Gauntlet (visited)

Altars:
Ashenzari
Fedhas
Hepliaklqana
Okawaru
Sif Muna
Wu Jian
Jiyva

Shops:
D:8 ?*(   Snake:1 %%!?   Snake:2 }=}

Portals:
Trove: D:11 (give 14 potions of heal wounds)

Annotations:
D:3 1 runed translucent door, Crazy Yiuf
D:4 Eustachio
Lair:2 1 runed translucent door, Titania's ghost, journeyman GrEE
Lair:6 exclusion: oklob plant
Snake:2 2 transporters, Jadus's ghost, journeyman TrMo
Orc:2 Saint Roka


Innate Abilities, Weirdness & Mutations

Your experience applies equally to all skills.
You have very sharp teeth.
Your uncanny sense of smell can sniff out nearby items.


Message History

You hit the mana viper but do no damage.
Lightning courses through the mana viper!
The mana viper is almost dead.
The black mamba closely misses you. The mana viper closely misses you.
You hit the mana viper but do no damage.
The mana viper is almost dead.
The black mamba bites you!
* * * LOW HITPOINT WARNING * * *
You whack the mana viper!
The mana viper is almost dead.
You block the black mamba's attack. The mana viper closely misses you.
You completely miss the mana viper.
The mana viper is almost dead.
You block the black mamba's attack. The mana viper bites you!
* * * LOW HITPOINT WARNING * * *
You whack the mana viper!
You kill the mana viper!
Sif Muna accepts your kill. The black mamba bites you!
You die...

##....####....................
##....# ######........#####..
#....# ##..(..##..# ##.
##...## ###...).###..# ##
#....###.....### #..## #
##...#......## #...# #
#..........# #...#
##......)S## #...# ##......@#
#...# #......## #...# ##....##
#...# ##....## #...# ##....##
#...# ## ##....### #...# ###.
##.....## #...###..)
##."...###...##....
##.....##...#.....


You could see a black mamba.

Vanquished Creatures
  Kirke (Snake:1)
  A nagaraja (Snake:3)
  A frost giant (D:15)
  Louise (Snake:1)
  An orc warlord (Orc:1)
  Josephine (D:14)
  A fire dragon (Lair:6)
  A vault guard (D:14)
  4 hydras
  6 anacondas
  Erica (D:8)
  4 two-headed ogres
  2 naga warriors
  4 centaur warriors
  A tengu warrior (D:14)
  An orc high priest (Orc:2)
  A thrashing horror (Gauntlet)
  A naga sharpshooter (Snake:1)
  3 skeletal warriors (D:14)
  An unseen horror (D:13)
  5 orc knights
  Pikel (D:8)
  2 wizards (D:15)
  A lindwurm (Lair:6)
  3 naga ritualists
  4 mana vipers
  A necromancer (Gauntlet)
  4 ugly things
  An orb spider (shapeshifter) (D:14)
  3 orc sorcerers (Orc:1)
  2 deep elf magi
  5 salamanders
  3 cyclopes
  6 elephants
  2 centaur zombies (D:14)
  4 naga magi
  3 molten gargoyles (Lair:6)
  A torpor snail (Lair:3)
  A rime drake (shapeshifter) (D:15)
  25 black mambas
  7 spiny frogs
  2 yaktaurs (D:15)
  A freezing wraith (D:14)
  A kobold demonologist (D:11)
  A redback zombie (D:15)
  A rime drake (Lair:5)
  8 komodo dragons
  A tengu conjurer (D:13)
  A polar bear (Lair:4)
  8 trolls
  2 meliai (D:14)
  20 blink frogs
  A slime creature (shapeshifter) (D:10)
  8 slime creatures
  14 dream sheep (Lair:5)
  9 hippogriffs
  A spriggan (Lair:6)
  A centaur simulacrum (D:14)
  4 shadows
  26 yaks
  A vampire (D:14)
  A ynoxinul (Gauntlet)
  4 wraiths
  5 wyverns
  10 vampire mosquitoes
  4 basilisks (Lair:6)
  A fire bat (Lair:3)
  A steam dragon (Lair:6)
  Grum (D:10)
  An acid dragon (D:15)
  13 nagas
  5 wargs
  9 water moccasins
  4 hell hounds (Lair:6)
  9 porcupines
  43 orc warriors
  A sky beast (D:7)
  2 elephant zombies (Lair:5)
  9 ice beasts
  4 black bears
  3 phantoms
  4 slaves
  12 ogres
  9 wolves
  17 crocodiles
  A necrophage (D:14)
  17 centaurs
  4 big kobolds
  17 bullfrogs
  A komodo dragon zombie (Lair:5)
  5 scorpions
  7 wights
  5 killer bees (D:11)
  3 electric eels (Lair:5)
  7 crimson imps
  5 howler monkeys
  5 lava snakes (Lair:6)
  3 small abominations (Gauntlet)
  9 jellies
  2 quasits
  5 centaur skeletons
  2 iron imps (Gauntlet)
  5 hounds
  14 orc priests
  A basilisk zombie (Lair:5)
  A bullfrog skeleton (D:4)
  A gnoll shaman (D:7)
  5 iguanas
  24 orc wizards
  10 worker ants
  A hound skeleton (D:5)
  A howler monkey zombie (D:5)
  10 gnolls
  10 adders
  3 shadow imps
  5 oozes (D:12)
  An adder zombie (D:5)
  An adder skeleton (D:5)
  2 worms
  4 dart slugs
  4 leopard geckos
  91 orcs
  4 giant cockroaches
  10 goblins
  11 hobgoblins
  8 jackals
  3 quokkas
  A ball python (D:1)
  8 bats
  5 frilled lizards
  12 kobolds
  2 quokka skeletons
  4 rats
  6 plants (Lair:6)
770 creatures vanquished.

Vanquished Creatures (collateral kills)
  Agnes (Snake:1)
  Aizul (Snake:1)
  4 hydras
  2 anacondas
  A two-headed ogre (D:9)
  A naga sharpshooter (Snake:2)
  2 naga ritualists
  A salamander mystic (Snake:3)
  A necromancer (Lair:5)
  2 mana vipers
  A guardian serpent (Orc:2)
  A black mamba (Snake:1)
  4 spiny frogs
  A rime drake (Lair:3)
  3 komodo dragons
  2 polar bears
  3 dream sheep (Lair:3)
  4 blink frogs
  2 hogs (Snake:1)
  19 yaks
  A warg (Orc:2)
  2 nagas (Snake:2)
  A hell hound (Lair:6)
  A porcupine (Lair:2)
  A black bear (D:8)
  An elephant zombie (Lair:5)
  A small abomination (Gauntlet)
  2 ogres
  3 wolves (Lair:6)
  A crocodile (Lair:4)
  A bullfrog (Lair:4)
  2 orc priests
  2 orc wizards
  An iguana (D:10)
  An orc (D:9)
77 creatures vanquished.

Vanquished Creatures (others)
  A naga sharpshooter (Snake:1)
  A spiny frog (Lair:6)
  2 orc warriors (Orc:2)
  A centaur (Orc:2)
  2 orcs (Orc:2)
  9 fungi (Lair:6)
  11 plants
27 creatures vanquished.

Grand Total: 874 creatures vanquished

Notes
Turn   | Place    | Note
-------+----------+-------------------------------------------
     0 | D:1      | D1HalberdGnoll the Gnoll Ice Elementalist began the quest
                  | for the Orb.
     0 | D:1      | Reached XP level 1. HP: 13/13 MP: 6/6
   269 | D:1      | Reached XP level 2. HP: 18/19 MP: 2/7
  1191 | D:1      | Reached XP level 3. HP: 23/25 MP: 3/9
  1372 | D:1      | Learned a level 2 spell: Throw Frost
  1436 | D:2      | Reached skill level 5 in Spellcasting
  1539 | D:2      | Reached skill level 1 in Invocations
  1827 | D:2      | Reached skill level 1 in Fighting
  1827 | D:2      | Reached skill level 1 in Short Blades
  1827 | D:2      | Reached skill level 1 in Long Blades
  1827 | D:2      | Reached skill level 1 in Axes
  1827 | D:2      | Reached skill level 1 in Maces & Flails
  1827 | D:2      | Reached skill level 1 in Polearms
  1827 | D:2      | Reached skill level 1 in Staves
  1827 | D:2      | Reached skill level 1 in Slings
  1827 | D:2      | Reached skill level 1 in Bows
  1827 | D:2      | Reached skill level 1 in Crossbows
  1827 | D:2      | Reached skill level 1 in Throwing
  1827 | D:2      | Reached skill level 1 in Armour
  1827 | D:2      | Reached skill level 1 in Shields
  1827 | D:2      | Reached skill level 1 in Unarmed Combat
  1827 | D:2      | Reached skill level 1 in Evocations
  1835 | D:2      | Reached XP level 4. HP: 32/32 MP: 1/11
  3025 | D:3      | Found an iron altar of Okawaru.
  3058 | D:3      | Reached skill level 1 in Hexes
  3058 | D:3      | Reached skill level 1 in Charms
  3058 | D:3      | Reached skill level 1 in Summonings
  3058 | D:3      | Reached skill level 1 in Necromancy
  3058 | D:3      | Reached skill level 1 in Translocations
  3058 | D:3      | Reached skill level 1 in Transmutations
  3058 | D:3      | Reached skill level 1 in Fire Magic
  3058 | D:3      | Reached skill level 1 in Air Magic
  3058 | D:3      | Reached skill level 1 in Earth Magic
  3058 | D:3      | Reached skill level 1 in Poison Magic
  3262 | D:3      | Found a runed translucent door.
  3265 | D:3      | Noticed Crazy Yiuf
  3325 | D:3      | Reached XP level 5. HP: 31/37 MP: 4/12
  3790 | D:4      | Noticed Eustachio
  3892 | D:4      | Noticed a yak
  4036 | D:4      | Reached skill level 5 in Dodging
  4036 | D:4      | Reached XP level 6. HP: 18/44 MP: 1/13
  4396 | D:4      | Found a shimmering blue altar of Sif Muna.
  4401 | D:4      | Became a worshipper of Sif Muna the Loreminder
  4946 | D:4      | Reached XP level 7. HP: 33/50 MP: 12/15
  5688 | D:5      | Entered Level 5 of the Dungeon
  5688 | D:5      | Found a hazy altar of Hepliaklqana.
  6024 | D:5      | Found a staircase to the Ecumenical Temple.
  6047 | D:5      | Reached skill level 5 in Stealth
  6316 | D:5      | Learned a level 4 spell: Throw Icicle
  6411 | D:5      | Reached skill level 6 in Dodging
  6475 | D:5      | Identified the +10 hand axe of Laveklo {freeze, +Blink
                  | rElec MR+}
  6673 | D:5      | Reached XP level 8. HP: 57/57 MP: 10/16
  6699 | D:5      | Reached * piety under Sif Muna
  7664 | D:6      | Reached XP level 9. HP: 35/65 MP: 4/18
  7668 | D:6      | Reached skill level 7 in Dodging
  8034 | D:6      | Found an ornate altar of the Wu Jian Council.
  8034 | D:6      | Found a shattered altar of Ashenzari.
  8753 | D:7      | Noticed a troll
  8764 | D:7      | Killed a troll
  8792 | D:7      | Reached ** piety under Sif Muna
  9051 | D:7      | Got a slimy diamond amulet
  9065 | D:7      | Identified the amulet "Bucw" {Spirit MR++ Int+4 Stlth+}
                  | (You found it on level 7 of the Dungeon)
  9454 | D:8      | Noticed Pikel
  9695 | D:8      | Killed Pikel
  9695 | D:8      | Reached skill level 8 in Dodging
  9695 | D:8      | Reached skill level 5 in Invocations
  9814 | D:8      | Reached XP level 10. HP: 73/73 MP: 11/20
  9876 | D:8      | Noticed Erica
  9889 | D:8      | Killed Erica
  9889 | D:8      | Reached skill level 5 in Fighting
  9889 | D:8      | Reached skill level 5 in Short Blades
  9889 | D:8      | Reached skill level 5 in Long Blades
  9889 | D:8      | Reached skill level 5 in Axes
  9889 | D:8      | Reached skill level 5 in Maces & Flails
  9889 | D:8      | Reached skill level 5 in Polearms
  9889 | D:8      | Reached skill level 5 in Staves
  9889 | D:8      | Reached skill level 5 in Slings
  9889 | D:8      | Reached skill level 5 in Bows
  9889 | D:8      | Reached skill level 5 in Crossbows
  9889 | D:8      | Reached skill level 5 in Throwing
  9889 | D:8      | Reached skill level 5 in Armour
  9889 | D:8      | Reached skill level 5 in Shields
  9889 | D:8      | Reached skill level 5 in Unarmed Combat
  9889 | D:8      | Reached skill level 5 in Evocations
 10072 | D:8      | Found Urif's General Store.
 10078 | D:8      | Bought 2 potions of magic for 176 gold pieces
 10212 | D:8      | Noticed Psyche
 10213 | D:8      | Noticed Psyche
 10213 | D:8      | Psyche changed into Psyche the water moccasin
 10217 | D:8      | Killed Psyche the water moccasin
 10513 | D:8      | Found Vuyvuept's Magic Scroll Boutique.
 10521 | D:8      | Bought a scroll of magic mapping for 38 gold pieces
 10521 | D:8      | Bought a scroll of amnesia for 38 gold pieces
 10521 | D:8      | Bought a scroll of blinking for 82 gold pieces
 10550 | D:8      | Found a staircase to the Lair.
 10629 | D:8      | Learned a level 4 spell: Summon Ice Beast
 10647 | D:8      | Learned a level 3 spell: Dazzling Spray
 11210 | D:9      | Reached skill level 5 in Conjurations
 11592 | D:9      | Reached skill level 9 in Dodging
 12487 | D:8      | Reached XP level 11. HP: 14/81 MP: 4/22
 12760 | D:9      | Noticed a two-headed ogre
 12771 | D:9      | Killed a two-headed ogre
 13210 | D:10     | Entered Level 10 of the Dungeon
 13388 | D:10     | Noticed a salamander
 13393 | D:10     | a salamander changed into a slime creature
 13397 | D:10     | Noticed Grum
 13405 | D:9      | Reached skill level 5 in Hexes
 13405 | D:9      | Reached skill level 5 in Charms
 13405 | D:9      | Reached skill level 5 in Summonings
 13405 | D:9      | Reached skill level 5 in Necromancy
 13405 | D:9      | Reached skill level 5 in Translocations
 13405 | D:9      | Reached skill level 5 in Transmutations
 13405 | D:9      | Reached skill level 5 in Fire Magic
 13405 | D:9      | Reached skill level 5 in Air Magic
 13405 | D:9      | Reached skill level 5 in Earth Magic
 13405 | D:9      | Reached skill level 5 in Poison Magic
 13584 | D:8      | Found Aski's Weapon Shop.
 13773 | D:10     | Reached *** piety under Sif Muna
 14059 | D:10     | Killed Grum
 14714 | Lair:1   | Entered Level 1 of the Lair of Beasts
 14827 | Lair:1   | Reached skill level 10 in Dodging
 15490 | Lair:1   | Learned a level 5 spell: Metabolic Englaciation
 16119 | Lair:1   | Reached XP level 12. HP: 49/89 MP: 9/24
 16577 | Lair:2   | Found a runed translucent door.
 16580 | Lair:2   | Noticed Titania's ghost (journeyman GrEE)
 17010 | Lair:2   | Reached **** piety under Sif Muna
 17230 | Lair:2   | Found a staircase to the Shoals.
 17681 | Lair:3   | Learned a level 5 spell: Lightning Bolt
 18396 | Lair:3   | Reached skill level 11 in Dodging
 18431 | Lair:3   | Learned a level 4 spell: Olgreb's Toxic Radiance
 18448 | Lair:3   | Noticed Sonja
 18449 | Lair:3   | Noticed Sonja
 18449 | Lair:3   | Sonja changed into Sonja the fire bat
 18454 | Lair:3   | Killed Sonja the fire bat
 19216 | Lair:4   | Noticed a seven-headed hydra
 19222 | Lair:4   | Killed a seven-headed hydra
 19296 | Lair:4   | Identified a scroll of acquirement
 19565 | Lair:4   | Noticed a seven-headed hydra
 19577 | Lair:4   | Killed a seven-headed hydra
 20149 | Lair:4   | Found a staircase to the Snake Pit.
 20829 | Lair:4   | Upgraded the game from 0.24-a0-630-g0d56a851f4 to
                  | 0.24-a0-639-gb70a11d811
 21185 | Lair:5   | Noticed a five-headed hydra
 21193 | Lair:5   | Killed a five-headed hydra
 21345 | Lair:5   | Noticed a five-headed hydra
 21356 | Lair:5   | Reached XP level 13. HP: 79/98 MP: 16/26
 21559 | Lair:5   | Got a steaming trident
 21560 | Lair:5   | Identified the cursed +1 trident of Crusades {pierce, rPois
                  | Dex-5 Stlth+} (You found it on level 5 of the Lair of
                  | Beasts)
 22841 | Lair:6   | Entered Level 6 of the Lair of Beasts
 22912 | Lair:6   | Reached skill level 12 in Dodging
 23428 | Lair:6   | Reached ***** piety under Sif Muna
 23737 | Lair:6   | Identified Sif Muna's Volume of Lucky Cold (Sif Muna gifted
                  | it to you on level 6 of the Lair of Beasts)
 23737 | Lair:6   | Received a gift from Sif Muna
 23838 | Lair:6   | Learned a level 3 spell: Regeneration
 25253 | Lair:6   | Reached skill level 10 in Spellcasting
 25479 | Lair:6   | Reached XP level 14. HP: 106/106 MP: 8/28
 25889 | Lair:6   | Found a viscous altar of Jiyva.
 25889 | Lair:6   | Found a staircase to the Slime Pits.
 27028 | Lair:6   | Found a large runed translucent door.
 27029 | Lair:6   | Found a large runed translucent door.
 28112 | D:11     | Reached skill level 13 in Dodging
 28540 | D:11     | Identified the +0 leather armour of the Pleiades {rF++ rC+
                  | MP+9 Dex+4}
 28606 | D:11     | Found a staircase to the Orcish Mines.
 28708 | D:11     | Reached skill level 10 in Stealth
 28856 | D:11     | Found a portal to a secret trove of treasure.
 28919 | D:11     | Got a crude leather armour
 28920 | D:11     | Identified the cursed +0 leather armour of Ydoos {rN+
                  | rCorr} (You found it on level 11 of the Dungeon)
 30202 | D:12     | Found a viscous altar of Jiyva.
 30521 | D:12     | Reached skill level 10 in Invocations
 31902 | D:14     | Identified Sif Muna's Guide on Lethal Damage Dealing (Sif
                  | Muna gifted it to you on level 14 of the Dungeon)
 31902 | D:14     | Received a gift from Sif Muna
 31919 | D:14     | Learned a level 5 spell: Fireball
 32876 | D:14     | Noticed Josephine
 32879 | D:14     | Killed Josephine
 33097 | D:14     | Reached XP level 15. HP: 114/114 MP: 25/29
 33415 | D:14     | Found a gate to the Vaults.
 33484 | D:15     | Entered Level 15 of the Dungeon
 33635 | D:15     | Found a gate leading to a gauntlet.
 33655 | Gauntlet | Entered a Gauntlet
 33655 | Gauntlet | Found a transporter.
 33655 | Gauntlet | Found a transporter.
 33655 | Gauntlet | Found a transporter.
 33665 | Gauntlet | Learned a level 6 spell: Bolt of Cold
 33729 | Gauntlet | Found a transporter.
 33739 | Gauntlet | Found a transporter.
 33741 | Gauntlet | Found a transporter.
 33755 | Gauntlet | Found a transporter.
 33771 | Gauntlet | Found a transporter.
 33786 | Gauntlet | Found a transporter.
 33789 | Gauntlet | Found a transporter.
 33797 | Gauntlet | Found a transporter.
 33800 | Gauntlet | Found a transporter.
 34237 | Gauntlet | Identified the +8 halberd of Resourcefulness {flame, rPois
                  | MR- SInv}
 34237 | Gauntlet | Identified the ring "Racirr" {*Corrode rElec MP+9 Str+5
                  | Slay+2}
 35314 | D:15     | Found a blossoming altar of Fedhas.
 35367 | D:15     | Reached skill level 14 in Dodging
 35637 | D:15     | Reached skill level 10 in Ice Magic
 35769 | D:15     | Found a staircase to the Depths.
 35769 | D:15     | Noticed a frost giant
 35783 | D:15     | Killed a frost giant
 35994 | Orc:1    | Entered Level 1 of the Orcish Mines
 36012 | Orc:1    | Noticed an orc warlord
 36379 | Orc:1    | Reached skill level 10 in Fighting
 36379 | Orc:1    | Reached skill level 10 in Short Blades
 36379 | Orc:1    | Reached skill level 10 in Long Blades
 36379 | Orc:1    | Reached skill level 10 in Axes
 36379 | Orc:1    | Reached skill level 10 in Maces & Flails
 36379 | Orc:1    | Reached skill level 10 in Polearms
 36379 | Orc:1    | Reached skill level 10 in Staves
 36379 | Orc:1    | Reached skill level 10 in Slings
 36379 | Orc:1    | Reached skill level 10 in Bows
 36379 | Orc:1    | Reached skill level 10 in Crossbows
 36379 | Orc:1    | Reached skill level 10 in Throwing
 36379 | Orc:1    | Reached skill level 10 in Armour
 36379 | Orc:1    | Reached skill level 10 in Shields
 36379 | Orc:1    | Reached skill level 10 in Unarmed Combat
 36379 | Orc:1    | Reached skill level 10 in Evocations
 36605 | Orc:1    | Killed an orc warlord
 37140 | Orc:2    | Entered Level 2 of the Orcish Mines
 37156 | Orc:2    | Found a staircase to the Elven Halls.
 37336 | Orc:2    | Received a gift from Sif Muna
 38097 | Orc:2    | Noticed Urug
 38104 | Orc:2    | Noticed Urug
 38104 | Orc:2    | Urug changed into Urug the guardian serpent
 38110 | Orc:2    | Killed Urug the guardian serpent
 38282 | Orc:2    | Noticed Saint Roka
 40006 | Snake:1  | Entered Level 1 of the Snake Pit
 40107 | Snake:1  | Noticed Aizul
 40118 | Snake:1  | Killed Aizul
 40118 | Snake:1  | Identified Sif Muna's Incunabulum of Parts Unknown (Sif
                  | Muna gifted it to you on level 1 of the Snake Pit)
 40118 | Snake:1  | Received a gift from Sif Muna
 40777 | Snake:1  | Got a jewelled ring mail
 40788 | Snake:1  | Identified the +2 ring mail of the Morning Star {rPois MR+
                  | Int+4} (You found it on level 1 of the Snake Pit)
 41023 | Snake:1  | Found Wuephuk's Magic Scroll Emporium.
 41023 | Snake:1  | Found Ostreock's Food Shoppe.
 41024 | Snake:1  | Found Feupseaps's Distillery.
 41026 | Snake:1  | Found Fipn's Food Shoppe.
 41028 | Snake:1  | Bought a potion of haste for 170 gold pieces
 41039 | Snake:1  | Bought a scroll of blinking for 97 gold pieces
 41039 | Snake:1  | Bought a scroll of blinking for 97 gold pieces
 41231 | Snake:1  | Noticed Agnes
 41244 | Snake:1  | Killed Agnes
 41244 | Snake:1  | Reached XP level 16. HP: 57/123 MP: 15/31
 41691 | Snake:1  | Noticed Kirke
 41711 | Snake:1  | Noticed Louise
 41721 | Snake:1  | Killed Kirke
 41735 | Snake:1  | Killed Louise
 42805 | Snake:2  | Noticed Jadus's ghost (journeyman TrMo)
 42814 | Snake:2  | Found a transporter.
 42830 | Snake:2  | Found a transporter.
 43070 | Snake:2  | Upgraded the game from 0.24-a0-639-gb70a11d811 to
                  | 0.24-a0-640-ge7cd8ce796
 43298 | Snake:2  | Found Ceugyz's Gadget Boutique.
 43300 | Snake:2  | Found Wube's Jewellery Emporium.
 43301 | Snake:2  | Found Qefo Iti's Gadget Boutique.
 44288 | Snake:3  | Noticed a nagaraja
 44289 | Snake:3  | Reached skill level 15 in Dodging
 44423 | Snake:3  | Killed a nagaraja
 44624 | Snake:2  | Slain by a black mamba

Levels and vault maps discovered:
D:1:      eino_arrival_tree_alley, layout_basic
D:2:      layout_basic, first_ration
D:3:      layout_rooms, lemuel_doored_altar, uniq_crazy_yiuf_cottage
D:4:      black_bear_nest_1, layout_loops_ring, marbit_many_paths,
          minmay_manual_mail, uniq_eustachio
D:5:      layout_rooms, old_standard_altar, minmay_temple_entry_butterflies,
          kennysheep_generic_room_13
D:6:      layout_rooms, gammafunk_temple_overflow_elements
D:7:      layout_cave_pools
D:8:      layout_basic, lair_entry_dummy, serial_shops, shop, shop_fountains,
          shop_statue, uniq_erica, uniq_pikel, uniq_psyche
D:9:      layout_long_grid
D:10:     layout_basic, uniq_grum
D:11:     layout_loops_ring, erik_orc_3, nicolae_trove_entry_columns
D:12:     layout_basic, hangedman_little_slice_of_home, lemuel_another_geyser
D:13:     layout_basic
D:14:     layout_roguey, david_vaults_5, serial_curves, eino_curves_03,
          eino_curves_01, eino_curves_01, uniq_josephine
D:15:     grunt_enter_depths_snipers, layout_loops_corners, fedhas_altar_1,
          gauntlet_entry_generic
Lair:1:   layout_chaotic_city
Lair:2:   layout_chaotic_city, shoals_dummy_entry, ebering_ghost_inner_flame
Lair:3:   layout_cave_pods, uniq_sonja
Lair:4:   layout_cave_pods, minmay_snake_entry_guardpost_medium
Lair:5:   pond_and_an_island_with_a_cottage, layout_regular_city,
          grunt_megastairs_5, serial_bayou_shore_b
Lair:6:   cheibrodos_lair_end_hotspot, layout_regular_city,
          dpeg_slime_entry_enclosed_altar, minmay_lair_oklob_items, st_stairs_6,
          wad_woods_03
Snake:1:  layout_gridlike, serial_bayou_shore_b, minmay_shoptagon, uniq_aizul,
          uniq_agnes, uniq_louise, uniq_kirke
Snake:2:  layout_onion, gammafunk_ghost_berserking_beasts, lemuel_fruit_tree,
          minmay_shop_grove
Snake:3:  layout_grid_shapes
Orc:1:    layout_caves, uniq_erolcha
Orc:2:    st_orc_rangers, layout_caves, lightli_church_of_beogh,
          uniq_saint_roka, uniq_urug

Skill      XL: |  1  2  3  4  5  6  7  8  9 10 11 12 13 14 15 16 |
---------------+-------------------------------------------------+-----
Conjurations   | 2 3 4 5 6 7 8 9 |  9.4
Spellcasting   | 5 6 7 8 9 10 11 | 11.7
Invocations    | 1 2 3 4 5 6 7 8 9 10 11 | 11.6
Fighting       | 1 2 3 4 5 6 7 8 9 10 | 10.7
Short Blades   | 1 2 3 4 5 6 7 8 9 10 | 10.7
Long Blades    | 1 2 3 4 5 6 7 8 9 10 | 10.7
Axes           | 1 2 3 4 5 6 7 8 9 10 | 10.7
Maces & Flails | 1 2 3 4 5 6 7 8 9 10 | 10.7
Polearms       | 1 2 3 4 5 6 7 8 9 10 | 10.7
Staves         | 1 2 3 4 5 6 7 8 9 10 | 10.7
Slings         | 1 2 3 4 5 6 7 8 9 10 | 10.7
Bows           | 1 2 3 4 5 6 7 8 9 10 | 10.7
Crossbows      | 1 2 3 4 5 6 7 8 9 10 | 10.7
Throwing       | 1 2 3 4 5 6 7 8 9 10 | 10.7
Armour         | 1 2 3 4 5 6 7 8 9 10 | 10.7
Shields        | 1 2 3 4 5 6 7 8 9 10 | 10.7
Unarmed Combat | 1 2 3 4 5 6 7 8 9 10 | 10.7
Evocations     | 1 2 3 4 5 6 7 8 9 10 | 10.7
Hexes          | 1 2 3 4 5 6 7 8 9 |  9.1
Charms         | 1 2 3 4 5 6 7 8 9 |  9.1
Summonings     | 1 2 3 4 5 6 7 8 9 |  9.1
Necromancy     | 1 2 3 4 5 6 7 8 9 |  9.1
Translocations | 1 2 3 4 5 6 7 8 9 |  9.1
Transmutations | 1 2 3 4 5 6 7 8 9 |  9.1
Fire Magic     | 1 2 3 4 5 6 7 8 9 |  9.1
Air Magic      | 1 2 3 4 5 6 7 8 9 |  9.1
Earth Magic    | 1 2 3 4 5 6 7 8 9 |  9.1
Poison Magic   | 1 2 3 4 5 6 7 8 9 |  9.1
Dodging        | 5 6 8 9 10 11 12 13 14 15 | 15.0
Stealth        | 5 6 7 8 9 10 11 | 11.5
Ice Magic      | 6 7 8 9 10 | 10.6

Action                   |  1- 3 |  4- 6 |  7- 9 | 10-12 | 13-15 | 16-18 || total
-------------------------+-------+-------+-------+-------+-------+-------++-------
Melee: Club              |     8 |       |       |       |       |       ||     8
       Whip              |    17 |    41 |       |       |       |       ||    58
       Bite              |     4 |     9 |    17 |    39 |    90 |    22 ||   181
       Hand axe          |       |    39 |   191 |   336 |   426 |       ||   992
       Punch             |       |       |     4 |    17 |     2 |       ||    23
       Scimitar          |       |       |       |       |     2 |       ||     2
       Staff             |       |       |       |       |     1 |       ||     1
       Demon whip        |       |       |       |       |   240 |   170 ||   410
 Cast: Freeze            |    32 |    53 |    51 |    53 |    17 |       ||   206
       Throw Frost       |    12 |    37 |    73 |    18 |     8 |       ||   148
       Throw Icicle      |       |       |    15 |    97 |   440 |    79 ||   631
       Summon Ice Beast  |       |       |       |    58 |    56 |    18 ||   132
       Metabolic Englaci |       |       |       |     8 |     2 |     4 ||    14
       Dazzling Spray    |       |       |       |     6 |    23 |     2 ||    31
       Olgreb's Toxic Ra |       |       |       |     2 |    46 |       ||    48
       Lightning Bolt    |       |       |       |       |     8 |       ||     8
       Fireball          |       |       |       |       |    11 |       ||    11
       Regeneration      |       |       |       |       |    13 |     3 ||    16
Invok: Forget Spell      |       |       |       |       |     3 |       ||     3
       Channel Magic     |       |       |       |       |     4 |       ||     4
Evoke: Wand              |       |       |     1 |    11 |     9 |     4 ||    25
  Use: Scroll            |       |     5 |     8 |    17 |    24 |     1 ||    55
       Potion            |       |     1 |     1 |     1 |     2 |     1 ||     6
 Stab: Sleeping          |     3 |     4 |     1 |     8 |    15 |       ||    31
       Distracted        |       |     1 |       |     4 |     6 |       ||    11
       Invisible         |       |       |       |     1 |       |     1 ||     2
       Paralysed         |       |       |       |       |     5 |       ||     5
  Eat: Chunk             |     3 |     6 |     6 |    32 |    28 |     3 ||    78
       Ration            |       |     1 |     3 |     4 |    11 |     2 ||    21
Armor: Robe              |     5 |     7 |       |       |       |       ||    12
       Leather armour    |       |    17 |    50 |    23 |    64 |    16 ||   170
       Troll leather arm |       |       |       |    51 |    25 |       ||    76
Dodge: Dodged            |    27 |    95 |   174 |   303 |   476 |   146 ||  1221
Block: Buckler           |       |       |       |       |   193 |   100 ||   293
       Reflection        |       |       |       |       |    29 |    11 ||    40

Table legend:
 A = Non-vault XP
 B = Vault XP
 C = Vault XP percentage of total XP
 D = Non-vault monster count
 E = Vault monster count
 F = Vault count percentage of total count
                 A         B        C        D         E       F
            +---------+---------+-------+---------+---------+-------
      Total |  122253 |   39326 |  24.3 |     677 |     166 |  19.7
            +---------+---------+-------+---------+---------+-------
        D:1 |      36 |       0 |   0.0 |      19 |       0 |   0.0
        D:2 |      75 |       0 |   0.0 |      23 |       0 |   0.0
        D:3 |      72 |       0 |   0.0 |      23 |       0 |   0.0
        D:4 |     535 |     162 |  23.2 |      26 |       3 |  10.3
        D:5 |     677 |       0 |   0.0 |      23 |       0 |   0.0
        D:6 |    1123 |       0 |   0.0 |      21 |       0 |   0.0
        D:7 |     932 |       0 |   0.0 |      15 |       0 |   0.0
        D:8 |    2387 |    1748 |  42.3 |      32 |       3 |   8.6
        D:9 |    2923 |     111 |   3.7 |      23 |       1 |   4.2
       D:10 |    2202 |     298 |  11.9 |      20 |       2 |   9.1
       D:11 |    5523 |     530 |   8.8 |      42 |      16 |  27.6
       D:12 |    4047 |     431 |   9.6 |      30 |       9 |  23.1
       D:13 |    5114 |       0 |   0.0 |      24 |       0 |   0.0
       D:14 |    8736 |    6042 |  40.9 |      32 |      15 |  31.9
       D:15 |    8248 |    3045 |  27.0 |      37 |       3 |   7.5
     Lair:1 |    5593 |       0 |   0.0 |      30 |       0 |   0.0
     Lair:2 |    2263 |       0 |   0.0 |      12 |       0 |   0.0
     Lair:3 |    3358 |     190 |   5.4 |      14 |       1 |   6.7
     Lair:4 |    5507 |     648 |  10.5 |      21 |       4 |  16.0
     Lair:5 |    6730 |    1233 |  15.5 |      29 |       8 |  21.6
     Lair:6 |   14244 |    9822 |  40.8 |      54 |      34 |  38.6
    Snake:1 |    7889 |    6550 |  45.4 |      17 |       6 |  26.1
    Snake:2 |   16362 |       0 |   0.0 |      35 |       0 |   0.0
    Snake:3 |    8484 |       0 |   0.0 |      13 |       0 |   0.0
      Orc:1 |    5277 |     257 |   4.6 |      23 |       2 |   8.0
      Orc:2 |    3916 |    5435 |  58.1 |      39 |      44 |  53.0
   Gauntlet |       0 |    2824 | 100.0 |       0 |      15 | 100.0
            +---------+---------+-------+---------+---------+-------
